AoeStats
← Gelekikker

Oasis

508832295Analyzed
2v2 RM · 8d ago on Sep 24, 2026· 40m 16s· 4 players
Game mode
Random Map
Map size
Medium (4 player)
Population
200
Speed
Normal
Resources
Standard
Victory
Conquest
Starting age
Dark Age
Ending age
Imperial Age
RankedLock teamsTeams togetherTeam positionsShared explorationLock speedFull tech treeHidden civsTurbo modeCheats
Victory
Defeat
🇳🇱 Khmer · Netherlands
1191
+17
🇳🇱 Mapuche · Netherlands
1186
+17
🇩🇪 Tatars · Germany
1215
-17
🇩🇪 Poles · Germany
1215
-17
wtjebbe
4:50 Loom
5:45 Loom
9:52 Feudal Age
10:21 Double-Bit Axe
10:17 Horse Collar
18:50 Castle Age
17:24 Forging
17:26 Gold Mining
18:00 Scale Barding Armor
18:37 Bloodlines
20:20 Iron Casting
23:03 Husbandry
24:40 Chain Barding Armor
25:15 Wheelbarrow
28:25 Stone Mining
29:15 Gold Shaft Mining
31:33 Heavy Plow
31:46 Bow Saw
32:13 Stone Shaft Mining
31:40 Fletching
31:20 Light Cavalry
34:07 Bodkin Arrow
34:38 Ballistics
37:35 Hand Cart
37:06 Town Watch
Gelekikker
8:50 Feudal Age
7:44 Loom
10:21 Double-Bit Axe
11:09 Horse Collar
13:54 Fletching
20:09 Castle Age
18:42 Padded Archer Armor
20:16 Stone Mining
22:53 Bow Saw
22:43 Heavy Plow
22:05 Elite Skirmisher
26:47 Wheelbarrow
26:23 Bodkin Arrow
26:47 Padded Archer Armor
27:28 Ballistics
27:36 Town Watch
29:20 Malon
29:54 Forging
31:51 Iron Casting
39:07 Imperial Age
39:08 Leather Archer Armor
DarthY
11:32 Feudal Age
16:06 Castle Age
14:36 Horse Collar
18:24 Wheelbarrow
17:35 Loom
21:48 Hand Cart
22:59 Scale Barding Armor
23:43 Bloodlines
23:26 Double-Bit Axe
27:48 Chain Barding Armor
27:46 Husbandry
30:47 Forging
31:07 Heavy Plow
34:23 Imperial Age
32:16 Szlachta Privileges
32:30 Masonry
31:59 Light Cavalry
33:55 Iron Casting
33:12 Gold Mining
33:15 Stone Mining
33:46 Town Watch
34:40 Cavalier
36:24 Blast Furnace
35:26 Murder Holes
36:24 Winged Hussar
37:29 Ballistics
38:13 Chemistry
R.
8:38 Loom
10:50 Feudal Age
14:56 Castle Age
13:48 Fletching
13:55 Double-Bit Axe
22:00 Horse Collar
23:54 Town Watch
26:10 Bodkin Arrow
26:40 Bloodlines
30:22 Elite Skirmisher
31:11 Scale Barding Armor
31:12 Padded Archer Armor
32:51 Chain Barding Armor
34:34 Ballistics
36:49 Forging
Connection lost

Rejoining the realm…

Still unreachable

The connection could not be restored.

Session expired

The server has moved on; the page needs a fresh start.